 Dungeon Crawl Stone Soup version 0.20-a0-823-gdec668e (webtiles) character file.

130 dondy the Sneak (level 5, -2/26 HPs)
             Began as a Vine Stalker Assassin on Mar 4, 2017.
             Was an Initiate of Fedhas.
             Slain by an orc priest (3 damage)
             ... on level 3 of the Dungeon on Mar 5, 2017.
             The game lasted 00:07:08 (2019 turns).

dondy the Sneak (Vine Stalker Assassin)             Turns: 2019, Time: 00:07:10

Health: -2/26      AC:  3    Str: 14    XL:     5   Next: 13%
Magic:  0/6        EV: 11    Int: 11    God:    Fedhas [......]
Gold:   135        SH:  0    Dex: 16    Spells: 4/4 levels left

rFire    . . .     SeeInvis .   a - +2 dagger
rCold    . . .     Gourm    .   c - +0 robe
rNeg     . . .     Faith    .   (no shield)
rPois    .         Spirit   +   (no helmet)
rElec    .         Reflect  .   d - +0 cloak
rCorr    .         Harm     .   (no gloves)
MR       .....                  (no boots)
Stlth    ++++......             (no amulet)
Regen    0.5/turn               (no ring)
MPRegen  0.1/turn               (no ring)

@: no status effects
A: fangs 2, regeneration 1, magic shield, antimagic bite, no potion heal 3, rot
immunity
a: Fungal Bloom, Renounce Religion


You were on level 3 of the Dungeon.
You worshipped Fedhas.
Fedhas was noncommittal.
You were not hungry.

You visited 1 branch of the dungeon, and saw 3 of its levels.

You collected 135 gold pieces.

Inventory:

Hand Weapons
 a - a +2 dagger (weapon)
 b - a +0 blowgun
Missiles
 e - 8 poisoned needles
 f - 2 curare-tipped needles
 s - 2 tomahawks (quivered)
Armour
 c - a +0 robe (worn)
 d - a +0 cloak (worn)
Scrolls
 h - 2 scrolls of recharging {unknown}
 i - 4 scrolls of identify {unknown}
 l - a scroll of fear {unknown}
 n - 4 scrolls of noise {unknown}
 o - a scroll of amnesia {unknown}
 q - a scroll of enchant weapon {unknown}
Potions
 p - a potion of heal wounds {unknown}
 r - a potion of magic {unknown}
 t - a potion of curing {unknown}
Comestibles
 g - a bread ration
 j - a meat ration
 k - 4 fruits
 m - a chunk of flesh


   Skills:
 - Level 1.7 Fighting
 * Level 3.1 Short Blades
 - Level 1.7 Throwing
 - Level 0.7 Dodging
 + Level 7.0 Stealth


You had 4 spell levels left.
You didn't know any spells.

Dungeon Overview and Level Annotations

Branches:
Dungeon (3/15)

Altars:
Ashenzari
Fedhas


Innate Abilities, Weirdness & Mutations

You have extremely sharp teeth.
Your natural rate of healing is unusually fast.
When hurt, damage is shared between your health and your magic reserves.
Your bite disrupts and absorbs the magic of your enemies.
Potions cannot restore your health.
You are immune to rotting.


Message History

The orc priest invokes the aid of Beogh against you.
Pain shoots through your body!
* * * LOW HITPOINT WARNING * * *
You barely miss the orc. Your bite misses the orc.
The orc is moderately wounded.
The orc barely misses you.
You hit the orc but do no damage. You bite the orc, but do no damage.
The orc is moderately wounded.
The orc priest completely misses you. The orc hits you with a trident.
* * * LOW HITPOINT WARNING * * *
You hit the orc but do no damage. You bite the orc, but do no damage.
The orc is moderately wounded.
The orc priest miscasts a cantrip.
You hit the orc. Your bite misses the orc.
The orc is heavily wounded.
The orc hits you with a trident.
* * * LOW HITPOINT WARNING * * *
The orc priest hits you.
You die...
Fedhas appreciates your contribution to the ecosystem.

### ..# #.###
#.#####.#<#
.....#.#@#
#...oo#
#..####.###.###
.......>.......
#######o#######
....>..o......#
#######o#####.#


!oo ....# You could see an orc priest and an orc.

Vanquished Creatures
  4 adders
  2 oozes
  A worm (D:2)
  A dart slug (D:2)
  3 leopard geckos
  3 orcs
  8 giant cockroaches
  7 goblins
  6 hobgoblins
  5 jackals (D:2)
  4 bats
  8 frilled lizards
  10 kobolds
  12 rats
74 creatures vanquished.

Vanquished Creatures (others)
  5 toadstools (D:2)
5 creatures vanquished.

Grand Total: 79 creatures vanquished

Notes
Turn   | Place    | Note
-------+----------+-------------------------------------------
     0 | D:1      | dondy the Vine Stalker Assassin began the quest for the Orb.
     0 | D:1      | Reached XP level 1. HP: 11/11 MP: 2/2
    14 | D:1      | Reached skill level 5 in Stealth
   276 | D:1      | Reached XP level 2. HP: 7/15 MP: 3/3
   691 | D:1      | Reached XP level 3. HP: 18/18 MP: 4/4
   694 | D:1      | Reached skill level 6 in Stealth
  1219 | D:2      | Gained mutation: Your natural rate of healing is unusually fast. [Vine Stalker growth]
  1219 | D:2      | Reached XP level 4. HP: 20/23 MP: 5/5
  1440 | D:2      | Found a shattered altar of Ashenzari.
  1689 | D:2      | Found a blossoming altar of Fedhas.
  1695 | D:2      | Upgraded the game from 0.20-a0-820-g557356e to 0.20-a0-823-gdec668e
  1697 | D:2      | Became a worshipper of Fedhas Madash
  1944 | D:3      | Reached XP level 5. HP: 14/26 MP: 3/6
  2003 | D:3      | Reached skill level 7 in Stealth
  2019 | D:3      | HP: 1/26 [orc/trident (3)]
  2019 | D:3      | Slain by an orc priest

Vault maps used:
D:1:      sevenhm_arrival_forest_fort_small_3
D:2:      fedhas_altar_4, evilmike_ruin_ashenzari
D:3:      first_bread, lightli_corner_chamber

Skill      XL: |  1  2  3  4  5 |
---------------+----------------+-----
Stealth        | 5 6 7 |  7.0
Short Blades   | 2 3 |  3.1
Fighting       | |  1.7
Throwing       | |  1.7
Dodging        | |  0.7

Action                   |  1- 3 |  4- 6 || total
-------------------------+-------+-------++-------
Melee: Dagger            |   107 |   111 ||   218
       Bite              |    30 |    30 ||    60
Invok: Fungal Bloom      |       |     2 ||     2
 Stab: Sleeping          |    10 |    10 ||    20
       Distracted        |     1 |       ||     1
  Eat: Chunk             |     1 |     3 ||     4
Armor: Robe              |    26 |    30 ||    56
Dodge: Dodged            |    51 |    60 ||   111
